 Dungeon Crawl Stone Soup version 0.21-a0-140-g479285b (webtiles) character file.

3624 kuniqs the Covert (level 10, 0/50 HPs)
             Began as a Gargoyle Fire Elementalist on July 20, 2017.
             Slain by a queen bee (13 damage)
             ... on level 8 of the Dungeon.
             The game lasted 00:12:57 (8644 turns).

kuniqs the Covert (Gargoyle Fire Elementalist)      Turns: 8644, Time: 00:12:58

Health: 0/50       AC: 13    Str: 13    XL:     10   Next: 11%
Magic:  1/16       EV: 12    Int: 18    God:
Gold:   361        SH:  0    Dex: 10    Spells: 3/17 levels left

rFire    . . .     SeeInvis .   z - +1 rapier (venom)
rCold    . . .     Gourm    .   (no shield)
rNeg     + + .     Faith    .   r - +2 robe {rN+}
rPois    ∞         Spirit   .   (no helmet)
rElec    +         Reflect  .   (no cloak)
rCorr    .         Harm     .   C - +1 pair of gloves
MR       .....                  (no boots)
Stlth    ++++......             (no amulet)
HPRegen  0.16/turn              (no ring)
MPRegen  0.15/turn              (no ring)

@: no status effects
A: negative energy resistance 1, electricity resistance, unbreathing,
petrification resistance, rot immunity, AC +7
a: no special abilities


You were on level 8 of the Dungeon.
You were hungry.

You visited 2 branches of the dungeon, and saw 9 of its levels.

You collected 361 gold pieces.

Inventory:

Hand Weapons
 z - a +1 rapier of venom (weapon)
Missiles
 a - 229 stones (quivered)
Armour
 r - a +2 robe of positive energy (worn)
 y - a +0 robe of cold resistance
 C - a +1 pair of gloves (worn)
Wands
 F - a wand of digging (16/24)
Scrolls
 h - 2 scrolls of identify {@r1}
 j - a scroll of remove curse {unknown}
 m - 2 scrolls of teleportation
 n - a scroll of noise {unknown}
 q - a scroll of amnesia {unknown}
 s - a scroll of fog {unknown}
 v - 2 scrolls of immolation {unknown}
 w - 2 scrolls of enchant armour {unknown}
 E - a scroll of blinking {unknown}
Potions
 c - 3 potions of curing {@q1}
 g - 2 potions of heal wounds {unknown}
 i - 2 potions of agility
 l - a potion of mutation {unknown}
 o - a potion of resistance {unknown}
 p - a potion of might {unknown}
 t - 2 potions of brilliance {unknown}
 u - a potion of invisibility {unknown}
 x - 2 potions of cancellation {unknown}
 A - a potion of haste {unknown}
 G - 2 potions of degeneration {unknown}
Books
 b - a book of Flames

   Spells                             Type                      Level
   a - Flame Tongue                   Conjuration/Fire             1
   b - Throw Flame                    Conjuration/Fire             2
   c - Conjure Flame                  Conjuration/Fire             3
   d - Inner Flame                    Hexes/Fire                   3
   e - Sticky Flame                   Conjuration/Fire             4
   f - Fireball                       Conjuration/Fire             5
 B - a book of Clouds

   Spells                             Type                      Level
   a - Poisonous Vapours              Poison/Air                   2
   b - Mephitic Cloud                 Conjuration/Poison/Air       3
   c - Conjure Flame                  Conjuration/Fire             3
   d - Freezing Cloud                 Conjuration/Ice/Air          6
   e - Ring of Flames                 Charms/Fire                  7
Comestibles
 d - 8 bread rations
 e - 4 meat rations
 f - 2 fruits
 k - 10 royal jellies
 D - 2 chunks of flesh


   Skills:
 - Level 1.5 Dodging
 + Level 8.6 Stealth
 - Level 4.3 Spellcasting
 + Level 8.0 Conjurations
 + Level 4.8 Hexes
 + Level 7.7 Fire Magic


You had 3 spell levels left.
You knew the following spells:

 Your Spells              Type           Power        Failure   Level  Hunger
a - Flame Tongue          Conj/Fire      ####.        1%          1    None
b - Throw Flame           Conj/Fire      ####..       1%          2    ##.....
c - Conjure Flame         Conj/Fire      ####....     1%          3    ###....
d - Sticky Flame          Conj/Fire      ####....     5%          4    ####...
e - Cause Fear            Hex            ###.......   19%         4    ####...


Dungeon Overview and Level Annotations

Branches:
Dungeon (8/15)             Temple (1/1) D:5
   Lair: D:8-11

Altars:
Cheibriados
Dithmenos
Elyvilon
Fedhas
Gozag
Hepliaklqana
Kikubaaqudgha
Makhleb
Nemelex Xobeh
Okawaru
Qazlal
Ru
Trog
Uskayaw
Wu Jian
Xom
Zin
The Shining One

Annotations:
D:4 Ijyb


Innate Abilities, Weirdness & Mutations

You are resistant to torment.
Your stone body is resilient. (AC +7)
You are immune to poison.
You resist negative energy. (rN+)
You are resistant to electric shocks. (rElec)
You can survive without breathing.
You are immune to petrification.
You are immune to rotting.


Message History

The flame tongue hits the queen bee.
The queen bee burns!
The queen bee stings you!
Aim: a queen bee (severely wounded, covered in liquid flames)
The flame tongue hits the queen bee.
The queen bee burns!
The queen bee stops burning.
The queen bee misses you.
Aim: a queen bee (almost dead)
The flame tongue hits the queen bee.
The queen bee appears unharmed.
The queen bee stings you.
Aim: a queen bee (almost dead)
The flame tongue hits the queen bee.
The queen bee appears unharmed.
The queen bee stings you but does no damage.
Aim: a queen bee (almost dead)
The flame tongue misses the queen bee.
The queen bee stings you!
* * * LOW HITPOINT WARNING * * *
Aim: a queen bee (almost dead)
The flame tongue misses the queen bee.
The queen bee stings you but does no damage.
Aim: a queen bee (almost dead)
The flame tongue hits the queen bee.
The queen bee stings you!
You die...

##.###.#
#..##.########.#
##.............#
#....####.....#
#..#.#.####...#
#..##.#.#.#...#
#.##.#.#.###..#
#.#.#.#.#.#.y.#
#.##.#.#.#.#@.# #.
##.#.#.##..#
#####.y#.#.#.##...#
y.......##.##.#...#
####.....####.....#
#.............#
########......#
########


You could see a queen bee.

Vanquished Creatures
  A hippogriff (D:7)
  Eustachio (D:6)
  2 orc warriors (D:6)
  2 ice beasts
  A phantom (D:3)
  A black bear (D:6)
  4 ogres
  3 centaurs
  Blork the orc (D:7)
  3 bullfrogs
  A water moccasin zombie (D:6)
  2 scorpions
  17 killer bees
  An electric eel (D:8)
  A crimson imp (D:7)
  A bullfrog zombie (D:5)
  5 hounds
  4 orc priests
  A bullfrog skeleton (D:7)
  3 orc wizards
  Natasha (thrice) (D:4)
  3 iguanas
  6 worker ants
  A hound zombie (D:5)
  A gnoll (D:6)
  7 adders
  2 shadow imps (D:6)
  An ooze (D:5)
  3 adder skeletons
  A dart slug (D:1)
  2 worms (D:3)
  24 orcs
  4 giant cockroaches
  8 hobgoblins
  5 jackals (D:3)
  10 kobolds
  3 quokkas
  2 ball pythons
  9 bats
  7 frilled lizards
  6 goblins
  A jackal zombie (D:5)
  12 rats
176 creatures vanquished.

Notes
Turn   | Place    | Note
-------+----------+-------------------------------------------
     0 | D:1      | kuniqs the Gargoyle Fire Elementalist began the quest for the Orb.
     0 | D:1      | Reached XP level 1. HP: 10/10 MP: 3/3
   235 | D:1      | Reached XP level 2. HP: 15/15 MP: 1/5
   241 | D:1      | Learned a level 2 spell: Throw Flame
  1167 | D:1      | Reached XP level 3. HP: 19/19 MP: 4/6
  1329 | D:2      | Learned a level 3 spell: Conjure Flame
  2029 | D:3      | Found a bloodstained altar of Trog.
  2210 | D:3      | Noticed an ogre
  2359 | D:3      | Reached XP level 4. HP: 23/24 MP: 0/7
  2533 | D:3      | Killed an ogre
  2533 | D:3      | Reached XP level 5. HP: 21/28 MP: 0/9
  2948 | D:3      | Found a white marble altar of Elyvilon.
  3240 | D:4      | Noticed a phantom
  3290 | D:3      | Killed a phantom
  3290 | D:3      | Reached XP level 6. HP: 19/32 MP: 0/11
  3470 | D:4      | Learned a level 4 spell: Sticky Flame
  3717 | D:4      | Noticed Natasha
  3722 | D:4      | Killed Natasha
  3736 | D:4      | Noticed Natasha
  3745 | D:4      | Killed Natasha
  3745 | D:4      | Reached XP level 7. HP: 28/36 MP: 1/12
  4108 | D:4      | Noticed Natasha
  4119 | D:4      | Killed Natasha
  4221 | D:4      | Noticed Ijyb
  4231 | D:5      | Entered Level 5 of the Dungeon
  4295 | D:4      | Reached skill level 5 in Fire Magic
  4419 | D:5      | Reached skill level 5 in Stealth
  4665 | D:5      | Found a stormy altar of Qazlal.
  5021 | D:5      | Reached XP level 8. HP: 41/41 MP: 11/14
  5066 | D:5      | Reached skill level 5 in Conjurations
  5354 | D:5      | Found a staircase to the Ecumenical Temple.
  5363 | Temple   | Entered the Ecumenical Temple
  5560 | D:6      | Learned a level 4 spell: Cause Fear
  5726 | D:6      | Found a bloodstained altar of Trog.
  5732 | D:6      | Reached skill level 1 in Hexes
  6288 | D:6      | Found an iron altar of Okawaru.
  6604 | D:6      | Reached XP level 9. HP: 45/45 MP: 11/15
  6653 | D:7      | Noticed Eustachio
  6789 | D:6      | Killed Eustachio
  6903 | D:7      | Noticed Blork the orc
  6912 | D:7      | Killed Blork the orc
  7044 | D:7      | Identified the cursed +2 quarterstaff of Xeirch {protect, +Rage +Inv rC++ Int-3} (You found it on level 7 of the Dungeon)
  8035 | D:8      | Noticed a queen bee
  8059 | D:7      | HP: 2/45 [killer bee (2)]
  8063 | D:7      | Reached XP level 10. HP: 3/50 MP: 0/16
  8644 | D:8      | Slain by a queen bee

Vault maps used:
D:1:      onia_arrival_larder, minmay_misc_feat_doors, minmay_split_cup_large
D:3:      elyvilon_altar_3, trog_hazing_becter
D:4:      first_bread, uniq_ijyb, uniq_natasha, uniq_edmund, uniq_pikel
D:5:      kennysheep_mini_moat, minmay_temple_entry_butterflies,
          kennysheep_generic_room_15
D:6:      minmay_diamond_boxcup, lemuel_doored_altar, trog_butcher_becter
D:7:      sword_in_stone
D:8:      kennysheep_little_box, lemuel_blue_sif_altar,
          grunt_lair_entry_orc_guard_hut, basic_altar, david_nohive_1,
          minmay_fountain_box, fountainhead
Temple:   regret_index_temple_waves

Skill      XL: |  1  2  3  4  5  6  7  8  9 10 |
---------------+-------------------------------+-----
Conjurations   | 2 3 4 6 7 8 |  8.0
Stealth        | 3 4 5 6 8 |  8.6
Spellcasting   | 3 4 |  4.3
Fire Magic     | 4 5 6 7 |  7.7
Hexes          | 2 4 |  4.8
Dodging        | |  1.5

Action                   |  1- 3 |  4- 6 |  7- 9 | 10-12 || total
-------------------------+-------+-------+-------+-------++-------
Melee: Dagger            |    22 |    28 |    34 |       ||    84
       Rapier            |       |       |    34 |     3 ||    37
 Cast: Flame Tongue      |    84 |    84 |   297 |    42 ||   507
       Throw Flame       |       |       |     5 |     1 ||     6
       Sticky Flame      |       |       |     7 |     2 ||     9
       Conjure Flame     |       |       |     1 |       ||     1
  Use: Potion            |       |       |     3 |       ||     3
       Scroll            |       |       |     2 |       ||     2
 Stab: Sleeping          |       |     1 |       |       ||     1
  Eat: Chunk             |     5 |     4 |    15 |     2 ||    26
Armor: Robe              |    12 |    20 |   118 |    22 ||   172
Dodge: Dodged            |    43 |    36 |   194 |    31 ||   304
